 Dungeon Crawl Stone Soup version 0.30-a0-1113-ga8025317a9 (webtiles) character file.

Game seed: 4258497785135360894

339 Essalna the Firebug (level 6, 0/36 HPs)
             Began as a Tengu Fire Elementalist on Apr 20, 2023.
             Slain by an orc priest
             ... wielding a +0 club
              (3 damage)
             ... on level 3 of the Dungeon.
             The game lasted 00:05:58 (2925 turns).

Essalna the Firebug (Tengu Fire Elementalist)       Turns: 2925, Time: 00:05:58

Health: 0/36       AC:  2    Str: 15    XL:     6   Next: 55%
Magic:  8/10       EV: 14    Int: 17    God:
Gold:   216        SH:  0    Dex: 15    Spells: 6/9 levels left

rFire   . . .      SeeInvis .    n - staff of poison "Mexauf Ywea" {Fly rPois Will- Str+7}
rCold   . . .      Faith    .    (no shield)
rNeg    . . .      Spirit   .    a - +0 robe
rPois   +          Reflect  .    (helmet restricted)
rElec   .          Rampage  .    (no cloak)
rCorr   .                        (no gloves)
Will    .....                    (boots unavailable)
Stlth   ++                       (no amulet)
HPRegen 0.26/turn                (no ring)
MPRegen 0.12/turn                (no ring)

@: flying quickly and evasively, quick
A: beak, talons 3, nimble flight
a: no special abilities


You were on level 3 of the Dungeon.
You visited 1 branch of the dungeon, and saw 3 of its levels.
You also visited: Sewer.

You collected 216 gold pieces.

Inventory:

Hand Weapons
 h - a +1 dagger of venom
 k - a +2 dagger of venom
Armour
 a - a +0 robe (worn)
Magical Staves
 n - the staff of poison "Mexauf Ywea" (weapon) {Fly rPois Will- Str+7}
   (You found it on level 2 of the Dungeon)

   [staff of poison]

   Base accuracy: +5 Base damage: 5 Base attack delay: 1.2 This weapon's minimum
   attack delay (0.6) is reached at skill level 12.
   Str:       It affects your strength (+7).
   rPois:     It protects you from poison.
   Fly:       It grants you flight.
   Will:      It decreases your willpower.
   It falls into the 'Staves' category.
   It is a one-handed weapon.
Scrolls
 e - 2 scrolls of fog
 i - a scroll of magic mapping {unknown}
 l - a scroll of butterflies {unknown}
 m - 4 scrolls of identify {unknown}
 o - 2 scrolls of teleportation {unknown}
 q - a scroll of enchant weapon {unknown}
Potions
 d - 2 potions of mutation {unknown}
 f - 2 potions of brilliance {unknown}
 g - 2 potions of curing {unknown}
 j - a potion of might {unknown}
 p - a potion of ambrosia {unknown}
 r - a potion of berserk rage
 s - a potion of heal wounds {unknown}
 t - a potion of degeneration {unknown}


   Skills:
 + Level 2.9 Fighting
 - Level 2.1 Dodging
 - Level 2.0 Stealth
 - Level 2.0 Spellcasting
 + Level 4.3 Conjurations
 + Level 4.7 Fire Magic
 + Level 2.0 Poison Magic
 + Level 2.0 Evocations


You had 6 spell levels left.
You knew the following spells:

 Your Spells              Type           Power      Damage    Failure   Level
a - Foxfire               Conj/Fire      68%        2x1d7     3%          1
b - Scorch                Fire           34%        2d6       4%          2

Your spell library contained the following spells:

 Spells                   Type           Power      Damage    Failure   Level
 Poisonous Vapours        Pois/Air       14%        N/A       19%         2
 Inner Flame              Hex/Fire       9%         N/A       22%         3
 Volatile Blastmotes      Fire/Tloc      18%        2d11      22%         3
 Mephitic Cloud           Conj/Pois/Air  13%        N/A       24%         3
 Flame Wave               Conj/Fire      17%        2d7       30%         4
 Freezing Cloud           Conj/Ice/Air   3%         6-21      96%         5


Dungeon Overview and Level Annotations

Branches:
Dungeon (3/15)              Sewer (visited)

Altars:
Ashenzari


Innate Abilities, Weirdness & Mutations

You have a beak for a mouth.
You have claws for feet.
Your magical nature lets you fly swiftly and evasively.


Message History

The foxfire hits the orc priest.
The orc priest is severely wounded.
The orc priest hits you with a +0 club. The orc priest closely misses you.
Casting: Foxfire (safe; 3% risk of failure)
Confirm with . or Enter, or press ? or * to list all spells.
You don't have enough magic to cast this spell.
You hit the orc priest. Your kick misses the orc priest.
The orc priest is almost dead.
The foxfire hits the orc priest.
The orc priest is almost dead.
The foxfire hits the orc priest!
You kill the orc priest!
The orc priest barely misses you.
Your Poison Magic skill increases to level 2!
Your Evocations skill increases to level 2!
Unknown command.
The orc priest completely misses you.
Your magical contamination has completely faded away.
Things that are here:
a +0 club; a +0 dagger; an orc corpse You barely miss the orc priest.
The orc priest is moderately wounded.
The orc priest calls down the wrath of Beogh upon you.
Pain shoots through your body!
You completely miss the orc priest.
The orc priest is moderately wounded.
The orc priest mumbles some strange prayers to Beogh against you.
Beogh smites you!
* * * LOW HITPOINT WARNING * * *
You barely miss the orc priest. Your kick misses the orc priest.
You peck the orc priest, but do no damage.
The orc priest is moderately wounded.
The orc priest invokes the aid of Beogh against you.
You barely resist. Magic courses through your body.
The orc priest barely misses you.
Casting: Foxfire (safe; 3% risk of failure)
Confirm with . or Enter, or press ? or * to list all spells.
Flames lash the orc priest but do no damage.
The orc priest hits you with a +0 club.
You die...

##...##≈~~~~##.#.....
#....~≈.....~~.#.....
#...~~~.....~~.#.....
#####....~~.....~≈.+.+#).
#.....§..~~.....~~.#.....
#.....§..~≈.....≈~..#.<..
#.....##.##~~.~~##.#.....
#........##~~.~)##......#
#.......@..........#...§'
#.......o.....#.........#
+........................
#...................#...#
##.....####.............'
#.....# .............#
#.....# ...#+#....).+
#.##....## ....#.#...#.#
#.##....... .#.....#+


You could see an orc priest.

Vanquished Creatures
  A water moccasin (Sewer)
  A jelly (D:2)
  2 orc priests (D:3)
  An orc wizard (D:3)
  4 adders
  A worm (D:3)
  3 dart slugs (D:1)
  6 orcs (D:3)
  7 bats
  8 endoplasms
  A giant cockroach (D:1)
  4 goblins
  4 hobgoblins
  8 jackals
  3 quokkas
  2 ball pythons (D:2)
  2 frilled lizards
  9 kobolds
  4 rats
  A spectral goblin (D:2)
72 creatures vanquished.

Vanquished Creatures (others)
  247 foxfires
247 creatures vanquished.

Grand Total: 319 creatures vanquished

Notes
Turn   | Place    | Note
-------+----------+-------------------------------------------
     0 | D:1      | Essalna the Tengu Fire Elementalist began the quest for the
                  | Orb.
     0 | D:1      | Reached XP level 1. HP: 10/10 MP: 4/4
   240 | D:1      | Reached XP level 2. HP: 16/16 MP: 0/6
   466 | D:1      | Reached skill level 1 in Fighting
   709 | D:1      | Reached XP level 3. HP: 20/20 MP: 7/7
  1231 | D:2      | Reached XP level 4. HP: 26/26 MP: 3/8
  1278 | D:2      | Identified the staff of poison "Mexauf Ywea" {Fly rPois
                  | Will- Str+7}
  1745 | D:2      | Found a faded altar of an unknown god.
  2111 | D:3      | Found a glowing drain.
  2123 | Sewer    | Entered a sewer
  2198 | Sewer    | Noticed a water moccasin
  2207 | Sewer    | Learned a level 2 spell: Scorch
  2216 | Sewer    | Killed a water moccasin
  2217 | Sewer    | Reached skill level 1 in Poison Magic
  2217 | Sewer    | Reached skill level 1 in Evocations
  2217 | Sewer    | Gained mutation: Your magical nature lets you fly swiftly
                  | and evasively. [Tengu growth]
  2217 | Sewer    | Reached XP level 5. HP: 23/31 MP: 0/9
  2348 | D:3      | Reached XP level 6. HP: 36/36 MP: 1/10
  2550 | D:3      | Found a broken altar of Ashenzari.
  2925 | D:3      | Slain by an orc priest

Illustrated notes

Levels and vault maps discovered:
D:1:      psy_arrival_conway, layout_basic, chequers_avenue,
          minmay_misc_feat_plants, minmay_distorted
D:2:      layout_basic, dreamdust_ecumenical_altar_drowned_temple,
          dk_noncrumbling_3
D:3:      layout_basic, nicolae_ashenzari_skybound,
          cheibrodos_sewer_entry_sluice, eino_tiny_chamber

Skill      XL: |  1  2  3  4  5  6 |
---------------+-------------------+-----
Conjurations   | 2 3 4 |  4.3
Fighting       | 1 2 |  2.9
Fire Magic     | 4 |  4.7
Poison Magic   | 1 2 |  2.0
Evocations     | 1 2 |  2.0
Dodging        | |  2.1
Stealth        | |  2.0
Spellcasting   | |  2.0

Action                     |  1- 3 |  4- 6 || total
---------------------------+-------+-------++-------
  Melee: Unarmed           |     2 |       ||     2
         Dagger            |    18 |       ||    18
         Peck              |     3 |     7 ||    10
         Kick              |     3 |     3 ||     6
         Staff             |       |    34 ||    34
   Cast: Foxfire           |    52 |    93 ||   145
         Scorch            |       |     5 ||     5
    Use: Scroll            |       |     2 ||     2
         Potion            |       |     1 ||     1
   Stab: Sleeping          |     2 |     1 ||     3
 Armour: Robe              |     3 |     8 ||    11
  Dodge: Dodged            |    14 |    44 ||    58

Table legend: (Time is in decaauts)
 A = Elapsed time spent in this place.
 B = Non-inter-level travel time spent in this place.
 C = Inter-level travel time spent in this place.
 D = Time resting spent in this place.
 E = Time spent auto-exploring this place.
 F = Levels seen in this place.
 G = Mean time per level.
                   A        B        C        D        E       F      G
               +--------+--------+--------+--------+--------+-----+--------+
         Total |   2907 |   2799 |    108 |     46 |   2200 |   4 |  726.8 |
       Dungeon |   2698 |   2590 |    108 |     46 |   2023 |   3 |  899.3 |
         Sewer |    209 |    209 |      0 |      0 |    176 |   1 |  209.0 |
               +--------+--------+--------+--------+--------+-----+--------+

Top non-repeatable levels by time:
     D:1: 1197 daAuts
     D:2: 902 daAuts
     D:3: 597 daAuts
   Sewer: 209 daAuts
